 Dungeon Crawl Stone Soup version 0.25.1-2-g60ff931df9 (webtiles) character file.

Game seed: 1483032616070189718

221 gruber the Stinger (level 5, -1/31 HPs)
             Began as an Octopode Venom Mage on Nov 3, 2020.
             Slain by a quokka (4 damage)
             ... on level 7 of the Dungeon.
             The game lasted 00:05:18 (4344 turns).

gruber the Stinger (Octopode Venom Mage)            Turns: 4344, Time: 00:05:19

Health: -1/31      AC:  1    Str:  8    XL:     5   Next: 98%
Magic:  3/9        EV: 13    Int: 18    God:
Gold:   191        SH:  0    Dex: 12    Spells: 3/10 levels left

rFire    . . .     SeeInvis .   f - +0 short sword
rCold    . . .     Gourm    .   (no shield)
rNeg     . . .     Faith    .   (helmet restricted)
rPois    .         Spirit   .   (no amulet)
rElec    .         Reflect  .   (no ring)
rCorr    .         Harm     .   (no ring)
MR       .....                  (no ring)
Stlth    +++.......             (no ring)
HPRegen  0.10/turn              (no ring)
MPRegen  0.11/turn              (no ring)
                                (no ring)
                                (no ring)

@: no status effects
A: almost no armour, stealthy swim, amphibious, 8 rings, constrict 8, camouflage
1, gelatinous body 1
a: no special abilities


You were on level 7 of the Dungeon.
You were not hungry.

You visited 1 branch of the dungeon, and saw 6 of its levels.

You collected 191 gold pieces.

Inventory:

Hand Weapons
 f - a +0 short sword (weapon)
Jewellery
 n - an uncursed ring of magical power {unknown}
Wands
 p - a wand of iceblast (12)
Scrolls
 a - 2 scrolls of enchant armour {unknown}
 d - 7 scrolls of identify {unknown}
 i - a scroll of noise {unknown}
 j - 2 scrolls of teleportation {unknown}
 k - 3 scrolls of remove curse {unknown}
 l - a scroll of fear {unknown}
 o - a scroll of magic mapping {unknown}
Potions
 c - a potion of curing {unknown}
 e - a potion of invisibility {unknown}
 g - 2 potions of flight {unknown}
 h - a potion of mutation {unknown}
Comestibles
 b - 11 rations


   Skills:
 - Level 2.0 Dodging
 - Level 2.6 Stealth
 - Level 3.0 Spellcasting
 - Level 1.0 Transmutations
 * Level 7.1 Poison Magic


You had 3 spell levels left.
You knew the following spells:

 Your Spells              Type           Power        Failure   Level  Hunger
a - Sting                 Tmut/Pois      ###.         3%          1    None
b - Mephitic Cloud        Conj/Pois/Air  ##......     19%         3    ###....
c - Ignite Poison         Fire/Tmut/Pois ##......     16%         3    ###....

Your spell library contained the following spells:

 Spells                   Type           Power        Failure   Level  Hunger
 Poisonous Vapours        Pois/Air       ###...       5%          2    ##.....
 Olgreb's Toxic Radiance  Pois           ####....     9%          4    ####...


Dungeon Overview and Level Annotations

Branches:
Dungeon (7/15)
 Temple: D:4-7

Altars:
Elyvilon
Makhleb
Okawaru

Shops:
D:4 (


Innate Abilities, Weirdness & Mutations

You cannot wear most types of armour.
You are very stealthy in the water. (Stealth+)
You are amphibious.
You can wear up to eight rings at the same time.
You can use your tentacles to constrict eight enemies at once.
Your skin changes colour to match your surroundings (Stealth+).
Your rubbery body absorbs attacks. (AC +1, EV +1)


Message History

A sky beast appears from thin air!
Reactivating autopickup.
The hound misses you.
A gnoll comes into view. It is wielding a +0 flail.
The hound bites you.
* * * LOW HITPOINT WARNING * * *
A quokka comes into view.
The hound barely misses you.
The sky beast flickers out of sight!
Deactivating autopickup; reactivate with Ctrl-A.
The hound misses you.
A sky beast appears from thin air!
Reactivating autopickup.
Found 9 gold pieces.
The sky beast flickers out of sight!
Deactivating autopickup; reactivate with Ctrl-A.
The hound bites you.
* * * LOW HITPOINT WARNING * * *
The quokka bites you.
You die...

................
................#. ..
.......#.............
.......#.##.....##..#
.......<.##.....#..#
...$..†g###........
......F.# ##....#
##...##.###...gr##
###........g.gh.@#
..$.##........##....#
.............###........
.....##.................
....................$...
......#....#............
.....##.................
..... .......##.........
.. .........


You could see a hound, 3 gnolls and a quokka.

Vanquished Creatures
  A scorpion (D:4)
  A worker ant (D:3)
  A worker ant zombie (D:3)
  7 adders
  4 worms
  2 dart slugs
  3 leopard geckos
  3 orcs
  2 ball pythons (D:3)
  2 giant cockroaches
  4 goblins (D:2)
  5 hobgoblins
  3 jackals (D:1)
  A quokka (D:2)
  6 bats
  6 frilled lizards
  7 kobolds
  4 rats
62 creatures vanquished.

Notes
Turn   | Place    | Note
-------+----------+-------------------------------------------
     0 | D:1      | gruber the Octopode Venom Mage began the quest for the Orb.
     0 | D:1      | Reached XP level 1. HP: 11/11 MP: 3/3
   389 | D:1      | Reached skill level 4 in Poison Magic
   602 | D:1      | Reached XP level 2. HP: 17/17 MP: 3/5
   977 | D:2      | Reached skill level 5 in Poison Magic
   977 | D:2      | Reached XP level 3. HP: 19/21 MP: 2/6
  1166 | D:2      | Learned a level 3 spell: Mephitic Cloud
  1612 | D:2      | Reached XP level 4. HP: 23/27 MP: 3/7
  1709 | D:2      | Reached skill level 6 in Poison Magic
  2602 | D:2      | Found a burning altar of Makhleb.
  3008 | D:3      | Found an iron altar of Okawaru.
  3163 | D:3      | Reached XP level 5. HP: 31/31 MP: 9/9
  3325 | D:3      | Learned a level 3 spell: Ignite Poison
  3638 | D:3      | Found a white marble altar of Elyvilon.
  3858 | D:4      | Noticed a centaur
  3993 | D:4      | Reached skill level 7 in Poison Magic
  4277 | D:4      | Found Diaps's Weapon Shop.
  4298 | D:4      | You fall into a shaft and drop 3 floors!
  4299 | D:7      | Noticed a sky beast
  4344 | D:7      | Slain by a quokka

Illustrated notes

Levels and vault maps discovered:
D:1:      wander_arrival_desolate, layout_basic
D:2:      layout_loops_ring, lemuel_doored_altar
D:3:      layout_loops_ring, marbit_many_paths, okawaru_gym_becter
D:4:      layout_rooms, old_standard_altar, first_ration, serial_shops, shop,
          uniq_ijyb
D:6:      layout_rooms, minmay_temple_entry_grid, uniq_crazy_yiuf_cottage
D:7:      layout_rooms

Skill      XL: |  1  2  3  4  5 |
---------------+----------------+-----
Poison Magic   | 4 5 6 7 |  7.1
Spellcasting   | 3 |  3.0
Dodging        | |  2.0
Stealth        | |  2.6
Transmutations | |  1.0

Action                   |  1- 3 |  4- 6 || total
-------------------------+-------+-------++-------
Melee: Unarmed           |     3 |       ||     3
       Short sword       |    20 |    59 ||    79
       Constrict         |     4 |    13 ||    17
       Tentacles         |     3 |    11 ||    14
 Cast: Sting             |    29 |    49 ||    78
       Mephitic Cloud    |       |     1 ||     1
 Stab: Sleeping          |     1 |    13 ||    14
  Eat: Chunk             |     2 |     9 ||    11
Armor: Skin              |     3 |     9 ||    12
Dodge: Dodged            |    17 |    52 ||    69
